 Dungeon Crawl Stone Soup version 0.31-a0-408-gb642c7f9a3 (webtiles) character file.

Game seed: 13435064194370335691

30156 arthad the Prestidigitator (level 13, -13/148 HPs)
             Began as a Gnoll Wanderer on July 29, 2023.
             Was the Champion of Cheibriados.
             Mangled by a reaper
             ... wielding a +2 scythe of freezing
              (36 damage)
             ... in an ice cave on July 30, 2023.
             The game lasted 01:05:58 (15912 turns).

arthad the Prestidigitator (Gnoll Wanderer)        Turns: 15912, Time: 01:05:58

Health: -13/148    AC: 17    Str: 25    XL:     13   Next: 49%
Magic:  26/26      EV: 24    Int: 28    God:    Cheibriados [******]
Gold:   821        SH:  9    Dex: 32    Spells: 14/30 levels left

rFire   . . .        F - +4 scimitar (flame)
rCold   + . .        O - +0 buckler
rNeg    . . .        X - +0 acid dragon scales
rPois   .            j - +2 helmet
rElec   .            u - +0 cloak
rCorr   +            i - +0 pair of gloves
SInv    .            n - +2 pair of boots
Will    +....        P - amulet of magic regeneration Stlth
                     y - ring of flight
HPRegen 0.44/turn    k - ring of protection from cold
MPRegen 0.60/turn

%: no passive effects
@: mighty, berserking, flying, studying Short Blades, very slow
A: fangs 1, strong nose, distributed training, hooves 1, strong-willed 1
a: Renounce Religion, Bend Time, Temporal Distortion, Slouch, Step From Time


You were in an ice cave.
You worshipped Cheibriados.
Cheibriados was exalted by your worship.
You visited 3 branches of the dungeon, and saw 17 of its levels.
You also visited: Sewer, Ice Cave and Volcano.

You collected 947 gold pieces.
You spent 126 gold pieces at shops.

Inventory:

Hand Weapons
 b - a +2 heavy falchion
 F - a +4 scimitar of flaming (weapon)
 U - a +6 trident of freezing
 V - a +5 war axe
 Y - a +0 longbow of flaming
Missiles
 h - 45 poisoned darts
 R - 5 atropa-tipped darts
 S - 3 curare-tipped darts
Armour
 f - a scarf of invisibility
 i - a +0 pair of gloves (worn)
 j - a +2 helmet (worn)
 n - a +2 pair of boots (worn)
 u - a +0 cloak (worn)
 O - a +0 buckler (worn)
 X - +0 acid dragon scales (worn)
Jewellery
 k - a ring of protection from cold (right hand)
 y - a ring of flight (left hand)
 C - a ring of protection from fire
 H - an amulet of regeneration
 L - a ring of resist corrosion
 P - an amulet of magic regeneration (around neck)
 Q - a ring of poison resistance
 T - an amulet of reflection
Wands
 a - a wand of polymorph (25)
 e - a wand of quicksilver (4)
 t - a wand of flame (23)
 D - a wand of charming (11)
 M - a wand of iceblast (15)
Scrolls
 d - a scroll of amnesia
 p - 3 scrolls of teleportation
 r - 2 scrolls of fog
 s - 3 scrolls of blinking
 v - a scroll of summoning
 z - 3 scrolls of torment
 A - 4 scrolls of enchant weapon
 J - 2 scrolls of immolation
 N - 2 scrolls of identify
 W - 2 scrolls of enchant armour
Potions
 c - 6 potions of curing
 l - 3 potions of cancellation
 m - 2 potions of heal wounds
 q - a potion of enlightenment
 w - 3 potions of lignification
 x - a potion of invisibility
 B - 2 potions of might
 E - 2 potions of mutation
 G - a potion of resistance
 Z - 3 potions of brilliance {unknown}
Miscellaneous
 g - a phantom mirror
 o - a lightning rod (4/4)
 K - a phial of floods


   Skills:
 + Level 8.5 Fighting
 + Level 8.8 Short Blades
 + Level 8.5 Long Blades
 + Level 8.5 Axes
 + Level 8.5 Maces & Flails
 + Level 8.5 Polearms
 + Level 8.5 Staves
 + Level 8.5 Ranged Weapons
 + Level 8.5 Throwing
 + Level 8.5 Armour
 + Level 10.7 Dodging
 + Level 8.5 Stealth
 + Level 8.5 Shields
 + Level 8.5 Unarmed Combat
 + Level 9.0 Spellcasting
 + Level 7.1 Conjurations
 + Level 7.1 Hexes
 + Level 7.1 Summonings
 + Level 9.0 Necromancy
 + Level 7.1 Translocations
 + Level 7.1 Transmutations
 + Level 7.1 Fire Magic
 + Level 7.1 Ice Magic
 + Level 7.1 Air Magic
 + Level 7.1 Earth Magic
 + Level 7.1 Poison Magic
 + Level 9.3 Invocations
 + Level 10.7 Evocations
 + Level 7.1 Shapeshifting


You had 14 spell levels left.
You knew the following spells:

 Your Spells              Type           Power      Damage    Failure   Level
a - Necrotise             Necr           100%       1d9       1%          1
b - Vampiric Draining     Necr           59%        2d10      1%          3
c - Blink                 Tloc           100%       N/A       1%          2
d - Magic Dart            Conj           100%       1d8       1%          1
e - Dispel Undead         Necr           59%        3d21      1%          4
f - Agony                 Necr           59%        N/A       4%          5

Your spell library contained the following spells:

 Spells                   Type           Power      Damage    Failure   Level
 Freeze                   Ice            100%       1d10      1%          1
 Kiss of Death            Conj/Necr      100%       2d13      1%          1
 Lesser Beckoning         Tloc           100%       N/A       1%          2
 Momentum Strike          Conj/Tloc      100%       3d10      1%          2
 Searing Ray              Conj           100%       2d8       1%          2
 Confusing Touch          Hex            51%        N/A       1%          3
 Dazzling Flash           Conj/Hex       100%       N/A       1%          3
 Frozen Ramparts          Ice            100%       1d16      1%          3
 Gell's Gravitas          Tloc           51%        N/A       1%          3
 Hailstorm                Conj/Ice       51%        3d11      1%          3
 Teleport Other           Tloc           51%        N/A       1%          3
 Fulminant Prism          Conj/Hex       25%        3d14      3%          4
 Manifold Assault         Tloc           51%        N/A       3%          4
 Silence                  Hex/Air        25%        N/A       9%          5


Dungeon Overview and Level Annotations

Branches:
Dungeon (15/15)            Temple (1/1) D:4            Lair (1/5) D:9
    Orc (0/2) D:10         Vaults (0/5) D:13          Sewer (visited)
  IceCv (1/1)             Volcano (visited)
 Depths: D:15

Altars:
Ashenzari
Cheibriados
Dithmenos
Elyvilon
Fedhas
Gozag
Hepliaklqana
Kikubaaqudgha
Makhleb
Nemelex Xobeh
Okawaru
Qazlal
Ru
Sif Muna
Trog
Uskayaw
Vehumet
Wu Jian
Xom
Yredelemnul
Zin
The Shining One

Shops:
D:1 (   D:6 (   D:7 ?   D:13 (

Annotations:
D:8 3 runed translucent doors, 1 exclusion, bahustanut's ghost, novice DsSh
D:9 3 runed translucent doors, arthad's ghost, novice MiFi IceCv exclusion: ice statue


Innate Abilities, Weirdness & Mutations

You have very sharp teeth.
Your uncanny sense of smell can sniff out nearby items.
Your experience applies equally to all skills.
You have large cloven feet.
You are strong-willed. (Will+)


Message History

The reaper hits you with a +2 scythe of freezing!!
The reaper freezes you.
You hit the reaper. You burn the reaper.
The reaper is lightly wounded.
The reaper completely misses you.
You barely miss the reaper.
The reaper is lightly wounded.
The reaper hits you with a +2 scythe of freezing!
The reaper freezes you.
You barely miss the reaper. You bite the reaper, but do no damage.
The reaper is lightly wounded.
The reaper misses you.
You slash the reaper! You burn the reaper!
The reaper is moderately wounded.
The reaper hits you with a +2 scythe of freezing!!
* * * LOW HITPOINT WARNING * * *
The reaper freezes you.
* * * LOW HITPOINT WARNING * * *
You are too injured to fight recklessly!
Okay, then.
Unknown command.
You feel much better.
The reaper hits you with a +2 scythe of freezing!!
* * * LOW HITPOINT WARNING * * *
The reaper freezes you.
* * * LOW HITPOINT WARNING * * *
You feel much better. The reaper closely misses you.
You feel very mighty all of a sudden. The reaper hits you but does no damage.
A red film seems to cover your vision as you go berserk!
Cheibriados forces you to slow down.
You feel mighty!
The reaper hits you with a +2 scythe of freezing!!
* * * LOW HITPOINT WARNING * * *
The reaper freezes you!
* * * LOW HITPOINT WARNING * * *
You hit the reaper but do no damage.
The reaper is moderately wounded.
The reaper hits you with a +2 scythe of freezing!!!
You die...

#############
'.........'.#
#####'#####.#
#.#.#.#.#.#.##
#'#'#.#'#'#.8######
'.........#.......#
#.8.8.8.8.#.#####.#
..........#.#$.)#.##
..........'.#?⌠2@.⌠#
..........#.#[.=#.##
#.8.8.8.8.#.#####.#
'.........#.......#
#'#'#.#'#'#.8######
#.#.#.#.#.#.##
#####'#####.#
+.........'.#
#############


You could see a reaper.

Vanquished Creatures
  Snorg (D:13)
  Josephine (D:13)
  A hydra (D:13)
  A centaur warrior (D:8)
  Erica (D:11)
  A two-headed ogre (D:13)
  An orc knight (D:13)
  A deep elf pyromancer (D:8)
  A wolf spider (D:15)
  5 cyclopes
  A manticore (D:12)
  2 ugly things (D:12)
  2 salamanders (Volcano)
  A black mamba (Lair:1)
  An ice statue (IceCv)
  2 unseen horrors (D:13)
  An efreet (D:13)
  2 anaconda simulacra (IceCv)
  2 komodo dragons
  3 ice devils (IceCv)
  3 trolls
  A hornet (D:11)
  11 slime creatures
  2 shadows
  2 dire elephant simulacra (IceCv)
  5 wyverns
  6 wraiths
  7 yaks
  Grum (D:10)
  14 vampire mosquitoes
  Menkaure (D:5)
  4 harpy simulacra (IceCv)
  4 acid dragons
  2 hydra simulacra (IceCv)
  4 water moccasins
  9 orc warriors
  2 black bears
  3 sky beasts
  2 ice beasts
  9 wolves
  9 centaurs
  6 kobold brigands
  A gnoll sergeant (D:11)
  3 bullfrogs
  9 scorpions
  A cane toad simulacrum (IceCv)
  34 wights
  9 killer bees
  An elephant simulacrum (IceCv)
  4 howler monkeys
  3 jellies
  5 hounds
  A gnoll bouda (D:6)
  4 orc priests
  A sleepcap (D:6)
  Jessica (D:13)
  5 iguanas
  14 orc wizards
  Ijyb (D:5)
  Natasha (twice) (D:2)
  A troll simulacrum (IceCv)
  A wolf simulacrum (IceCv)
  Robin (D:5)
  8 adders
  12 gnolls
  A shadow imp (D:6)
  5 white imps
  3 dart slugs
  51 orcs
  11 bats
  7 endoplasms
  7 giant cockroaches
  13 goblins
  12 hobgoblins
  3 jackals (D:2)
  4 quokkas
  9 ball pythons
  A frilled lizard (D:2)
  30 kobolds
  8 rats
425 creatures vanquished.

Vanquished Creatures (collateral kills)
  An ettin (D:13)
  A kobold (D:2)
2 creatures vanquished.

Grand Total: 427 creatures vanquished

Notes
Turn   | Place    | Note
-------+----------+-------------------------------------------
     0 | D:1      | arthad the Gnoll Wanderer began the quest for the Orb.
     0 | D:1      | arthad set off with the following items: a +0 dagger, a +0
                  | helmet, a potion of curing, a +0 robe, a wand of
                  | quicksilver (3); and the following spell memorised:
                  | Necrotise; and the following spells available to memorise:
                  | Vampiric Draining.
     0 | D:1      | Reached XP level 1. HP: 13/13 MP: 4/4
   148 | D:1      | Reached XP level 2. HP: 11/19 MP: 0/5
   444 | D:1      | Reached XP level 3. HP: 23/25 MP: 2/7
   558 | D:1      | Found a faded altar of an unknown god.
   668 | D:1      | Found Quruodwo's Weapon Emporium.
   774 | D:1      | Reached skill level 1 in Invocations
  1200 | D:2      | Reached skill level 1 in Fighting
  1200 | D:2      | Reached skill level 1 in Short Blades
  1200 | D:2      | Reached skill level 1 in Long Blades
  1200 | D:2      | Reached skill level 1 in Axes
  1200 | D:2      | Reached skill level 1 in Maces & Flails
  1200 | D:2      | Reached skill level 1 in Polearms
  1200 | D:2      | Reached skill level 1 in Staves
  1200 | D:2      | Reached skill level 1 in Ranged Weapons
  1200 | D:2      | Reached skill level 1 in Throwing
  1200 | D:2      | Reached skill level 1 in Armour
  1200 | D:2      | Reached skill level 1 in Stealth
  1200 | D:2      | Reached skill level 1 in Shields
  1200 | D:2      | Reached skill level 1 in Unarmed Combat
  1262 | D:2      | Noticed Natasha
  1270 | D:2      | Killed Natasha
  1271 | D:2      | Reached XP level 4. HP: 32/32 MP: 6/8
  1443 | D:2      | Noticed Natasha
  1453 | D:2      | Killed Natasha
  1454 | D:2      | Reached skill level 1 in Conjurations
  1454 | D:2      | Reached skill level 1 in Hexes
  1454 | D:2      | Reached skill level 1 in Summonings
  1454 | D:2      | Reached skill level 1 in Translocations
  1454 | D:2      | Reached skill level 1 in Transmutations
  1454 | D:2      | Reached skill level 1 in Fire Magic
  1454 | D:2      | Reached skill level 1 in Ice Magic
  1454 | D:2      | Reached skill level 1 in Air Magic
  1454 | D:2      | Reached skill level 1 in Earth Magic
  1454 | D:2      | Reached skill level 1 in Poison Magic
  1454 | D:2      | Reached skill level 1 in Shapeshifting
  1963 | D:3      | Reached XP level 5. HP: 37/37 MP: 9/9
  2587 | D:4      | Found a staircase to the Ecumenical Temple.
  2595 | D:4      | Reached XP level 6. HP: 44/44 MP: 1/11
  2687 | Temple   | Entered the Ecumenical Temple
  2693 | Temple   | Learned a level 3 spell: Vampiric Draining
  2696 | Temple   | Learned a level 2 spell: Blink
  2698 | Temple   | Learned a level 1 spell: Magic Dart
  2703 | Temple   | Learned a level 4 spell: Dispel Undead
  2770 | Temple   | Became a worshipper of Cheibriados the Contemplative
  3448 | D:4      | Reached XP level 7. HP: 50/50 MP: 1/12
  3705 | D:5      | Entered Level 5 of the Dungeon
  3761 | D:5      | Reached * piety under Cheibriados
  3894 | D:5      | Noticed Robin
  3894 | D:5      | Noticed Ijyb
  3921 | D:5      | Killed Ijyb
  3958 | D:5      | Killed Robin
  4135 | D:5      | Noticed Menkaure
  4148 | D:5      | Killed Menkaure
  4149 | D:5      | Reached XP level 8. HP: 19/58 MP: 1/14
  4312 | D:5      | Reached ** piety under Cheibriados
  4457 | D:5      | Found a stormy altar of Qazlal.
  4836 | D:6      | Found a glowing drain.
  4851 | Sewer    | Entered a sewer
  5164 | D:6      | Reached XP level 9. HP: 62/65 MP: 16/16
  5168 | D:6      | Reached *** piety under Cheibriados
  5314 | D:6      | Reached skill level 5 in Spellcasting
  5753 | D:6      | Found Tiyrez's Antique Weapon Boutique.
  6020 | D:7      | Reached **** piety under Cheibriados
  6335 | D:7      | Reached skill level 5 in Invocations
  6419 | D:7      | Found Toaguw's Magic Scroll Boutique.
  6427 | D:7      | Bought a scroll of teleportation for 36 gold pieces
  6427 | D:7      | Bought a scroll of blinking for 90 gold pieces
  6796 | D:7      | Reached XP level 10. HP: 65/70 MP: 18/18
  6941 | D:7      | Reached skill level 5 in Fighting
  6941 | D:7      | Reached skill level 5 in Short Blades
  6941 | D:7      | Reached skill level 5 in Long Blades
  6941 | D:7      | Reached skill level 5 in Axes
  6941 | D:7      | Reached skill level 5 in Maces & Flails
  6941 | D:7      | Reached skill level 5 in Polearms
  6941 | D:7      | Reached skill level 5 in Staves
  6941 | D:7      | Reached skill level 5 in Ranged Weapons
  6941 | D:7      | Reached skill level 5 in Throwing
  6941 | D:7      | Reached skill level 5 in Armour
  6941 | D:7      | Reached skill level 5 in Stealth
  6941 | D:7      | Reached skill level 5 in Shields
  6941 | D:7      | Reached skill level 5 in Unarmed Combat
  7095 | D:8      | Reached ***** piety under Cheibriados
  7309 | D:8      | Found a runed translucent gate.
  7344 | D:8      | Found a runed translucent gate.
  7344 | D:8      | Found a runed translucent gate.
  7346 | D:8      | Found an opulent altar of Gozag.
  7349 | D:8      | Noticed bahustanut's ghost (novice DsSh)
  7654 | D:8      | Noticed a centaur warrior
  7675 | D:8      | Noticed a deep elf pyromancer
  7843 | D:8      | Found a glowing silver altar of Zin.
  7843 | D:8      | Found an opulent altar of Gozag.
  8003 | D:8      | Killed a centaur warrior
  8109 | D:8      | Killed a deep elf pyromancer
  8257 | D:8      | Reached XP level 11. HP: 81/81 MP: 18/20
  8505 | D:9      | Reached skill level 5 in Conjurations
  8505 | D:9      | Reached skill level 5 in Hexes
  8505 | D:9      | Reached skill level 5 in Summonings
  8505 | D:9      | Reached skill level 5 in Translocations
  8505 | D:9      | Reached skill level 5 in Transmutations
  8505 | D:9      | Reached skill level 5 in Fire Magic
  8505 | D:9      | Reached skill level 5 in Ice Magic
  8505 | D:9      | Reached skill level 5 in Air Magic
  8505 | D:9      | Reached skill level 5 in Earth Magic
  8505 | D:9      | Reached skill level 5 in Poison Magic
  8505 | D:9      | Reached skill level 5 in Shapeshifting
  8686 | D:9      | Found a staircase to the Lair.
  8843 | D:9      | Found a runed translucent gate.
  8844 | D:9      | Found a runed translucent gate.
  8844 | D:9      | Identified the +3 plate armour of Kuduh {Rampage Dex+2}
  8845 | D:9      | Found a runed translucent gate.
  8846 | D:9      | Noticed arthad's ghost (novice MiFi)
  9223 | D:9      | Found a sparkling altar of Nemelex Xobeh.
  9229 | D:9      | Found a white marble altar of Elyvilon.
  9736 | D:10     | Entered Level 10 of the Dungeon
  9736 | D:10     | Noticed Grum
  9775 | D:10     | Killed Grum
  9912 | D:10     | Identified the +1 robe "Woleibbi" {rC+ MP+9}
  9918 | D:10     | Learned a level 5 spell: Agony
  9922 | D:10     | Reached ****** piety under Cheibriados
 10656 | D:10     | Found a staircase to the Orcish Mines.
 11030 | D:11     | Found a broken altar of Ashenzari.
 11414 | D:11     | Noticed a cyclops
 11427 | D:11     | Killed a cyclops
 11886 | D:11     | Gained mutation: You have a pair of small antennae on your
                  | head. [potion of mutation]
 11886 | D:11     | Gained mutation: You have supernaturally acute eyesight.
                  | (SInv) [potion of mutation]
 12033 | D:11     | Noticed Erica
 12047 | D:11     | Killed Erica
 12048 | D:11     | Reached XP level 12. HP: 66/91 MP: 1/23
 13219 | D:13     | Reached skill level 10 in Dodging
 13219 | D:13     | Reached skill level 10 in Evocations
 13220 | D:13     | Lost mutation: You have a pair of small antennae on your
                  | head. [potion of mutation]
 13220 | D:13     | Lost mutation: You have supernaturally acute eyesight.
                  | (SInv) [potion of mutation]
 13220 | D:13     | Gained mutation: You are strong-willed. (Will+) [potion of
                  | mutation]
 13220 | D:13     | Gained mutation: You have large cloven feet. [potion of
                  | mutation]
 13331 | D:13     | Noticed a two-headed ogre
 13386 | D:13     | Noticed Snorg
 13400 | D:13     | Killed Snorg
 13411 | D:13     | HP: 1/91 [cyclops/large rock (31)]
 13415 | D:13     | Found Typtudui's Weapon Boutique.
 13415 | D:13     | Noticed Josephine
 13436 | D:13     | Noticed a four-headed hydra
 13439 | D:13     | Killed Josephine
 13441 | D:13     | Found a gate to the Vaults.
 13441 | D:13     | Noticed an ettin
 13445 | D:13     | Killed an ettin
 13681 | D:13     | You are sucked into a shaft and drop 2 floors!
 13681 | D:15     | Entered Level 15 of the Dungeon
 13706 | D:15     | Reached XP level 13. HP: 57/98 MP: 2/25
 13881 | D:13     | Noticed Jessica
 13885 | D:13     | Killed Jessica
 14014 | D:13     | Found a sparkling altar of Nemelex Xobeh.
 14822 | Lair:1   | Entered Level 1 of the Lair of Beasts
 14912 | Lair:1   | Found a dark tunnel.
 14918 | Volcano  | Entered a volcano
 15104 | Lair:1   | Found a frozen archway.
 15113 | IceCv    | Entered an ice cave
 15898 | IceCv    | Noticed a reaper
 15912 | IceCv    | Mangled by a reaper

Illustrated notes

Levels and vault maps discovered:
D:1:      minmay_arrival_radiant_lines, layout_rooms,
          shapermc_ecumenical_altar_venn, serial_shops, nicolae_lakefront_shop
D:2:      layout_basic, uniq_natasha
D:3:      layout_rooms, st_stairs_8
D:4:      layout_basic, minmay_temple_entry_statues_pillars,
          minmay_fractal_squares_gapless_5
D:5:      layout_rooms, mainiacjoe_overflow_cross_hatched, nicolae_goblin_pals,
          uniq_menkaure
D:6:      layout_rooms, serial_shops, nicolae_shop_getting_attention,
          portal_sewer_entry_d, grunt_decor_one_mirror, st_stairs_9
D:7:      layout_basic, serial_shops, nicolae_shop_peninsula,
          kennysheep_generic_room_10
D:8:      layout_cave_pools, grunt_temple_overflow_gold_and_silver,
          ebering_ghost_gozag, minmay_misc_feat_roman, nzn_random_ring
D:9:      layout_basic, jmf_multi_god_temple, grunt_lair_entry_orc_guard_hut,
          biasface_ghost_orc_armoury
D:10:     layout_big_octagon, david_orc_2, uniq_grum
D:11:     kennysheep_spiral_hall, layout_irregular_city, hex_tiny,
          kennysheep_pointless_box, nicolae_ashenzari_panopticon, uniq_erica
D:12:     layout_roguey, small_statue_intersection, kennysheep_generic_room_14
D:13:     layout_rooms, hellmonk_vaults_attempted_burglary, serial_shops, shop,
          nemelex_lonely_heart_becter, uniq_josephine, uniq_snorg
D:14:     layout_long_grid, hangedman_decor_riveting
D:15:     hangedman_depths_entry_try_elsewhere_first, layout_rooms,
          serial_bayou_shore_b, dk_noncrumbling_4, onia_ninara_cookie
Temple:   bh_familiar_temple
Lair:1:   layout_chaotic_city, portal_ice_cave_entry_pillars_2,
          nicolae_volcano_entry_s_turn
IceCv:    ice_cave_tombish

Skill      XL: |  1  2  3  4  5  6  7  8  9 10 11 12 13 |
---------------+----------------------------------------+-----
Invocations    | 1 2 3 4 5 6 7 8 9 |  9.3
Fighting       | 1 2 3 4 5 7 8 |  8.5
Short Blades   | 1 2 3 4 5 7 8 |  8.8
Long Blades    | 1 2 3 4 5 7 8 |  8.5
Axes           | 1 2 3 4 5 7 8 |  8.5
Maces & Flails | 1 2 3 4 5 7 8 |  8.5
Polearms       | 1 2 3 4 5 7 8 |  8.5
Staves         | 1 2 3 4 5 7 8 |  8.5
Ranged Weapons | 1 2 3 4 5 7 8 |  8.5
Throwing       | 1 2 3 4 5 7 8 |  8.5
Armour         | 1 2 3 4 5 7 8 |  8.5
Stealth        | 1 2 3 4 5 7 8 |  8.5
Shields        | 1 2 3 4 5 7 8 |  8.5
Unarmed Combat | 1 2 3 4 5 7 8 |  8.5
Spellcasting   | 3 4 5 6 7 8 9 |  9.0
Conjurations   | 1 2 3 4 5 6 7 |  7.1
Hexes          | 1 2 3 4 5 6 7 |  7.1
Summonings     | 1 2 3 4 5 6 7 |  7.1
Translocations | 1 2 3 4 5 6 7 |  7.1
Transmutations | 1 2 3 4 5 6 7 |  7.1
Fire Magic     | 1 2 3 4 5 6 7 |  7.1
Ice Magic      | 1 2 3 4 5 6 7 |  7.1
Air Magic      | 1 2 3 4 5 6 7 |  7.1
Earth Magic    | 1 2 3 4 5 6 7 |  7.1
Poison Magic   | 1 2 3 4 5 6 7 |  7.1
Shapeshifting  | 1 2 3 4 5 6 7 |  7.1
Dodging        | 7 8 9 10 | 10.7
Evocations     | 7 8 9 10 | 10.7
Necromancy     | 6 7 8 9 |  9.0

Action                     |  1- 3 |  4- 6 |  7- 9 | 10-12 | 13-15 || total
---------------------------+-------+-------+-------+-------+-------++-------
  Melee: Dagger            |    27 |       |       |       |       ||    27
         Bite              |     1 |     1 |    17 |    45 |    18 ||    82
         Punch             |     1 |       |     7 |     7 |       ||    15
         Falchion          |       |    30 |   231 |   299 |     1 ||   561
         Unarmed           |       |       |    16 |       |       ||    16
         Scimitar          |       |       |       |       |   127 ||   127
   Fire: Sling             |    97 |    62 |       |       |       ||   159
  Throw: Dart              |       |       |       |     1 |       ||     1
   Cast: Necrotise         |    33 |    59 |       |       |       ||    92
         Magic Dart        |       |    18 |   239 |   354 |    56 ||   667
         Vampiric Draining |       |     2 |     4 |    41 |     3 ||    50
         Dispel Undead     |       |       |     2 |    36 |    13 ||    51
         Blink             |       |       |     1 |     6 |     2 ||     9
         Agony             |       |       |       |    45 |    12 ||    57
 Invoke: Slouch            |       |       |       |     2 |     3 ||     5
  Evoke: Wand              |       |     1 |       |     5 |     4 ||    10
         Lightning rod     |       |       |       |     1 |       ||     1
         Phial of floods   |       |       |       |     1 |       ||     1
    Use: Scroll            |       |     3 |       |    21 |     3 ||    27
         Potion            |       |     1 |     5 |     3 |     5 ||    14
   Stab: Sleeping          |       |       |       |     1 |     2 ||     3
 Armour: Robe              |    22 |    41 |   116 |    80 |       ||   259
         Skin              |       |       |     2 |       |       ||     2
         Acid dragon scale |       |       |       |    77 |    42 ||   119
  Dodge: Dodged            |    73 |    70 |   401 |   687 |   189 ||  1420
  Block: Buckler           |       |       |       |    67 |   105 ||   172

Table legend: (Time is in decaauts)
 A = Elapsed time spent in this place.
 B = Non-inter-level travel time spent in this place.
 C = Inter-level travel time spent in this place.
 D = Time resting spent in this place.
 E = Time spent auto-exploring this place.
 F = Levels seen in this place.
 G = Mean time per level.
                   A        B        C        D        E       F      G
               +--------+--------+--------+--------+--------+-----+--------+
         Total |  21139 |  20118 |   1021 |    976 |  14951 |  20 | 1056.9 |
       Dungeon |  19401 |  18498 |    903 |    922 |  13971 |  15 | 1293.4 |
        Temple |    116 |     17 |     99 |      0 |      0 |   1 |  116.0 |
          Lair |    351 |    332 |     19 |     18 |    124 |   1 |  351.0 |
         Sewer |    211 |    211 |      0 |      0 |    155 |   1 |  211.0 |
      Ice Cave |    938 |    938 |      0 |     36 |    687 |   1 |  938.0 |
       Volcano |    119 |    119 |      0 |      0 |     12 |   1 |  119.0 |
               +--------+--------+--------+--------+--------+-----+--------+

Top non-repeatable levels by time:
    D:11: 2277 daAuts
     D:8: 2136 daAuts
     D:9: 2006 daAuts
    D:10: 1570 daAuts
     D:4: 1540 daAuts
    D:13: 1425 daAuts
    D:12: 1412 daAuts
     D:7: 1402 daAuts
     D:5: 1357 daAuts
     D:6: 1268 daAuts
     D:2: 982 daAuts
   IceCv: 938 daAuts
     D:1: 900 daAuts
    D:14: 509 daAuts
     D:3: 427 daAuts
